 Dungeon Crawl Stone Soup version 0.21-a0-227-g58a7c62 (webtiles) character file.

177999 Ijustatesigmund the Warrior (level 18, -2/128 HPs)
             Began as a Gargoyle Fighter on Aug 28, 2017.
             Was the Champion of Cheibriados.
             Hit by a large rock thrown by Polyphemus (30 damage)
             ... on level 4 of the Shoals on Aug 30, 2017.
             The game lasted 01:27:47 (32128 turns).

Ijustatesigmund the Warrior (Gargoyle Fighter)     Turns: 32128, Time: 01:27:47

Health: -2/128     AC: 27    Str: 35    XL:     18   Next: 18%
Magic:  0/29       EV: 22    Int: 26    God:    Cheibriados [******]
Gold:   2574       SH:  6    Dex: 30    Spells: 12/17 levels left

rFire    . . .     SeeInvis +   E - +6 great mace of Quarrel {drain, Fragile rPois rC++ rN+}
rCold    + + .     Gourm    .   (shield currently unavailable)
rNeg     + + .     Faith    .   U - +2 troll leather armour
rPois    ∞         Spirit   +   (helmet restricted)
rElec    +         Reflect  +   Y - scarf {Spirit}
rCorr    .         Harm     .   j - +1 pair of gloves
MR       +....                  g - +2 pair of boots
Stlth    ++........             Q - +6 amulet of reflection
HPRegen  0.71/turn              N - +3 ring of evasion
MPRegen  0.21/turn              s - ring of see invisible

@: flying, mesmerised, very slow
A: big wings, horns 1, talons 1, negative energy resistance 1, electricity
resistance, unbreathing, evolution 1, petrification resistance, rot immunity, AC
+13
a: Stop Flying, Bend Time, Temporal Distortion, Slouch, Step From Time, Renounce
Religion


You were on level 4 of the Shoals.
You worshipped Cheibriados.
Cheibriados was exalted by your worship.
You were hungry.

You visited 5 branches of the dungeon, and saw 28 of its levels.

You collected 2710 gold pieces.
You spent 136 gold pieces at shops.

Inventory:

Hand Weapons
 a - a +2 flail of freezing
 u - the +8 dagger "Dragonslayer" {venom, rElec rC+ Int+3}
   (You found it on level 4 of the Dungeon)

   It poisons the flesh of those it strikes.
   It affects your intelligence (+3).
   It protects you from cold.
   It insulates you from electricity.
 E - the +6 great mace of Quarrel (weapon) {drain, Fragile rPois rC++ rN+}
   (You acquired it on level 3 of the Lair of Beasts)

   A truly terrible weapon, it drains the life of those it strikes.
   It greatly protects you from cold.
   It protects you from poison.
   It protects you from negative energy.
   It will be destroyed if unequipped.
Missiles
 J - 17 steel javelins (quivered)
 X - 11 silver javelins
Armour
 c - a +0 shield
 g - a +2 pair of boots (worn)
 j - a +1 pair of gloves (worn)
 L - a +0 cloak
 U - a +2 troll leather armour (worn)
 Y - a scarf of spirit shield (worn)
Jewellery
 p - an uncursed ring of stealth
 s - a ring of see invisible (right hand)
 H - an uncursed ring of wizardry
 N - a +3 ring of evasion (left hand)
 Q - a +6 amulet of reflection (around neck)
 R - an uncursed ring of positive energy
 T - an uncursed ring of protection from cold
Wands
 b - a wand of lightning (6/15)
 v - a wand of digging (13/24)
 x - a wand of enslavement (8/24)
 A - a wand of scattershot (8/9)
 F - a wand of polymorph (15/24)
 P - a wand of acid (7/15)
Scrolls
 d - 2 scrolls of blinking
 q - a scroll of holy word
 r - 9 scrolls of remove curse
 t - 7 scrolls of teleportation
 w - 8 scrolls of identify
 y - 4 scrolls of amnesia
 B - 5 scrolls of magic mapping
 C - 2 scrolls of immolation
 I - a scroll of silence
 K - 2 scrolls of fog
 O - a scroll of recharging
 W - a scroll of fear
Potions
 e - 6 potions of curing
 h - 3 potions of resistance
 k - 2 potions of agility
 m - 3 potions of brilliance
 G - 3 potions of might
 M - 7 potions of magic
 S - a potion of lignification
 V - a potion of ambrosia
Books
 l - a book of Air

   Spells                             Type                      Level
   a - Shock                          Conjuration/Air              1
   b - Swiftness                      Charms/Air                   2
   c - Static Discharge               Conjuration/Air              3
   d - Airstrike                      Air                          4
   e - Lightning Bolt                 Conjuration/Air              5
 n - a book of Battle

   Spells                             Type                      Level
   a - Infusion                       Charms                       1
   b - Shroud of Golubria             Charms/Translocation         2
   c - Song of Slaying                Charms                       2
   d - Spectral Weapon                Hexes/Charms                 3
   e - Regeneration                   Charms/Necromancy            3
 z - a book of Dreams

   Spells                             Type                      Level
   a - Ensorcelled Hibernation        Hexes/Ice                    2
   b - Silence                        Hexes/Air                    5
   c - Darkness                       Hexes                        6
   d - Shadow Creatures               Summoning                    6
Comestibles
 f - 12 bread rations
 i - 7 meat rations
 D - 3 royal jellies


   Skills:
 + Level 19.2 Fighting
 + Level 15.4 Maces & Flails
 - Level 11.0 Armour
 - Level 6.8 Dodging
 - Level 9.5 Shields
 + Level 4.1 Charms
 + Level 3.4 Necromancy
 + Level 15.4 Invocations


You had 12 spell levels left.
You knew the following spells:

 Your Spells              Type           Power        Failure   Level  Hunger
a - Song of Slaying       Chrm           ###.....     3%          2    ###....
b - Regeneration          Chrm/Necr      ###.......   9%          3    ####...


Dungeon Overview and Level Annotations

Branches:
Dungeon (15/15)            Temple (0/1) D:5            Lair (6/6) D:10
 Shoals (4/4) Lair:2       Spider (1/4) Lair:3        Slime (0/5) Lair:5
    Orc (2/2) D:12            Elf (0/3) Orc:2        Vaults (0/5) D:14
 Depths (0/5) D:15

Altars:
Cheibriados
Elyvilon
Fedhas
Hepliaklqana
Makhleb
Nemelex Xobeh
Okawaru
Qazlal
Vehumet
Wu Jian
Xom
Zin
Jiyva

Shops:
Orc:2 %(!:

Portals:
Hell: Lair:6
Pandemonium: Orc:2

Annotations:
D:13 Maurice
Lair:1 exclusion: oklob plant
Shoals:3 1 runed door
Shoals:4 Polyphemus
Spider:1 Nikola


Innate Abilities, Weirdness & Mutations

You are resistant to torment.
Your stone body is resilient. (AC +13)
You are immune to poison.
Your large and strong wings let you fly indefinitely.
You resist negative energy. (rN+)
You are resistant to electric shocks. (rElec)
You can survive without breathing.
You are immune to petrification.
You are immune to rotting.
You have a pair of small horns on your head.
You have sharp toenails.
You evolve.


Message History

You cannot move away from the merfolk avatar!
You cannot move away from the merfolk avatar!
Okay, then.
You feel better.
Polyphemus throws a large rock.
The large rock barely misses you.
You hear a splash.
The merfolk avatar chants its luring song.
Your magical effects are unravelling.
You feel magically purged.
Your magical contamination has completely faded away.
You break out of your daze.
Your song has ended.
Polyphemus throws a large rock.
The large rock hits you!
* * * LOW HITPOINT WARNING * * *
You hear a splash.
Shadowy forms rise from the deep at the merfolk avatar's song!
The merfolk avatar chants a haunting song.
You are mesmerised by the merfolk avatar!
Polyphemus throws a large rock.
The large rock hits you!!
You die...

###############
≈≈≈≈≈≈≈≈≈≈≈≈≈≈≈
≈≈≈≈≈≈≈≈≈≈≈≈≈≈≈
≈≈≈≈≈≈≈≈≈≈≈≈≈≈≈
≈≈≈≈≈≈§@≈≈≈≈≈≈≈
≈≈≈≈≈≈§§§≈≈≈≈≈≈
≈≈≈≈≈≈§§§≈≈≈P≈PPP≈≈≈≈≈
≈≈≈≈≈≈§§§≈≈≈≈PPPP≈≈≈≈≈
≈≈≈≈≈≈≈§≈≈≈≈≈≈≈≈PP≈≈PP
≈≈≈m≈≈≈≈≈≈≈≈≈≈≈≈PP≈PP≈
≈≈≈≈≈≈≈≈≈≈≈≈≈≈≈PP≈≈≈≈P
≈≈≈≈≈≈≈≈≈≈≈≈C≈≈≈≈≈≈#
≈≈≈≈≈≈≈≈≈≈≈≈≈≈≈)≈≈#


You could see Polyphemus and a merfolk avatar.

Vanquished Creatures
  A kraken (Shoals:3)
  Donald (Shoals:3)
  Ilsuiw (Shoals:4)
  An orc warlord (Orc:2)
  2 ettins (Orc:2)
  7 merfolk impalers
  Josephine (Lair:6)
  3 merfolk javelineers
  2 ice dragons (D:15)
  A fire dragon (D:14)
  12 hydras
  3 centaur warriors
  4 vault guards (D:14)
  2 catoblepae
  4 merfolk avatars
  4 merfolk aquamancers
  12 two-headed ogres
  9 death yaks
  A dancing weapon (Orc:2)
  3 satyrs (Shoals:2)
  A tengu warrior (D:14)
  A soul eater (Orc:2)
  9 orc high priests (Orc:2)
  A sun demon (Lair:6)
  The ghost of tidbits the Martial Artist, a novice DgTm (D:11)
  5 skeletal warriors
  10 sea snakes
  3 unseen horrors
  2 infernal demonspawn (Orc:2)
  3 wizards
  17 harpies
  Pikel (D:5)
  5 orc knights (Orc:2)
  7 manticores
  12 ugly things
  6 orc sorcerers
  15 fauns
  A deep elf mage (Orc:2)
  A wolf spider (Spider:1)
  4 merfolk sirens
  4 cyclopes
  13 elephants
  A rust devil (Orc:2)
  6 black mambas
  A water nymph (Shoals:1)
  2 smoke demons
  3 gargoyles
  13 spiny frogs
  5 centaur skeletons
  A torpor snail (Lair:6)
  4 orange demons
  4 yaktaurs (D:15)
  An efreet (D:15)
  A redback zombie (D:15)
  3 hellwings (Orc:2)
  2 demonic crawlers
  2 tengu conjurers (D:13)
  6 rime drakes
  7 komodo dragons
  An ice devil (Lair:6)
  A red devil (Lair:6)
  9 trolls
  34 merfolk
  A wolf spider simulacrum (D:14)
  6 slime creatures
  A wind drake (Shoals:1)
  4 jumping spiders (Spider:1)
  6 blink frogs
  A hornet (Spider:1)
  6 snapping turtles
  6 dream sheep (Shoals:3)
  21 hippogriffs
  16 redbacks (Spider:1)
  5 water elementals
  A shadow (D:14)
  3 tarantellas (Spider:1)
  4 wyverns
  49 yaks
  11 wraiths
  6 spriggans (Lair:6)
  6 basilisks
  A steam dragon (D:10)
  A hungry ghost (D:11)
  Grum (D:11)
  A warg (Orc:1)
  13 water moccasins
  4 hell hounds (Lair:6)
  3 acid dragons (D:12)
  6 porcupines
  5 sky beasts
  A hornet zombie (D:9)
  5 phantoms
  40 orc warriors
  3 ice beasts
  5 boggarts (D:15)
  2 necrophages
  10 ogres
  29 centaurs
  19 wolves
  11 crocodiles
  11 big kobolds
  19 bullfrogs
  A wyvern zombie (D:13)
  8 scorpions
  14 wights
  7 killer bees
  10 howler monkeys
  2 bullfrog zombies
  6 centaur zombies
  11 crimson imps
  32 orc priests
  9 jellies
  6 hounds
  5 iguanas
  3 bullfrog skeletons
  3 hell rats
  25 orc wizards
  12 worker ants
  A killer bee zombie (D:7)
  3 hound zombies
  3 hound skeletons
  8 gnolls
  14 adders
  8 river rats (Lair:3)
  A shadow imp (D:13)
  3 adder skeletons
  An adder zombie (D:6)
  A worm (D:3)
  2 dart slugs
  12 leopard geckos
  115 orcs
  8 bats
  17 giant cockroaches
  6 goblins
  7 hobgoblins
  14 jackals
  6 quokkas
  2 ball pythons
  A frilled lizard (D:1)
  67 kobolds
  A leopard gecko skeleton (D:6)
  A quokka zombie (D:10)
  4 rats
1106 creatures vanquished.

Vanquished Creatures (collateral kills)
  A hippogriff (Lair:6)
1 creature vanquished.

Vanquished Creatures (others)
  A centaur warrior (D:15)
  A redback (Spider:1)
  A slave (D:5)
  A centaur (Shoals:2)
  A crimson imp (D:5)
  A centaur skeleton (D:6)
  2 gnolls (D:5)
  2 adders (D:5)
  2 orcs (Orc:1)
  2 jackals (D:5)
  A quokka (D:9)
  A giant cockroach zombie (D:5)
  30 fungi
  29 plants
  4 tentacles (Shoals:3)
79 creatures vanquished.

Grand Total: 1186 creatures vanquished

Notes
Turn   | Place    | Note
-------+----------+-------------------------------------------
     0 | D:1      | Ijustatesigmund the Gargoyle Fighter began the quest for the Orb.
     0 | D:1      | Reached XP level 1. HP: 14/14 MP: 1/1
   190 | D:1      | Reached XP level 2. HP: 19/19 MP: 2/2
   878 | D:1      | Reached XP level 3. HP: 23/23 MP: 3/3
  1078 | D:2      | Found an iron altar of Okawaru.
  1333 | D:2      | Reached XP level 4. HP: 29/29 MP: 4/4
  1341 | D:2      | Reached skill level 4 in Fighting
  1769 | D:3      | Noticed a bullfrog
  1779 | D:3      | Killed a bullfrog
  1779 | D:3      | Reached XP level 5. HP: 32/34 MP: 5/5
  1854 | D:3      | Noticed a big kobold
  1863 | D:3      | Killed a big kobold
  1863 | D:3      | Reached skill level 5 in Fighting
  1863 | D:3      | Reached skill level 5 in Maces & Flails
  1863 | D:3      | Reached XP level 6. HP: 35/40 MP: 6/6
  2158 | D:3      | Reached XP level 7. HP: 42/44 MP: 7/7
  2334 | D:3      | Reached skill level 6 in Fighting
  2876 | D:4      | Got a dazzling dagger
  2877 | D:4      | Identified the +8 dagger "Dragonslayer" {venom, rElec rC+ Int+3} (You found it on level 4 of the Dungeon)
  3161 | D:4      | Reached XP level 8. HP: 49/52 MP: 8/8
  3271 | D:4      | Found a sparkling altar of Nemelex Xobeh.
  3303 | D:4      | Found a snail-covered altar of Cheibriados.
  3307 | D:4      | Became a worshipper of Cheibriados the Contemplative
  3632 | D:5      | Entered Level 5 of the Dungeon
  3786 | D:5      | Noticed Pikel
  3824 | D:5      | Killed Pikel
  3824 | D:5      | Reached skill level 7 in Fighting
  3824 | D:5      | Reached skill level 5 in Armour
  3842 | D:5      | Found a staircase to the Ecumenical Temple.
  4155 | D:5      | Found a stormy altar of Qazlal.
  4164 | D:5      | Found a blossoming altar of Fedhas.
  4206 | D:5      | HP: 2/53 [ogre/giant spiked club (27)]
  4207 | D:5      | Reached XP level 9. HP: 2/57 MP: 9/11
  4871 | D:6      | Reached * piety under Cheibriados
  5329 | D:6      | Found a shimmering altar of Xom.
  5329 | D:6      | Noticed an angel
  5330 | D:6      | Found a glowing silver altar of Zin.
  5613 | D:6      | Reached skill level 8 in Fighting
  5737 | D:6      | Reached ** piety under Cheibriados
  6286 | D:6      | Found an ornate altar of the Wu Jian Council.
  6338 | D:6      | Found a hazy altar of Hepliaklqana.
  6860 | D:7      | Reached skill level 5 in Invocations
  6955 | D:7      | Noticed a cyclops
  6967 | D:7      | Killed a cyclops
  6967 | D:7      | Reached XP level 10. HP: 58/65 MP: 12/14
  7020 | D:7      | Reached skill level 9 in Fighting
  7261 | D:7      | Found a burning altar of Makhleb.
  7292 | D:7      | Reached *** piety under Cheibriados
  7844 | D:8      | Gained mutation: Your body sometimes deteriorates upon taking damage. [potion of mutation]
  7844 | D:8      | Gained mutation: You evolve. [potion of mutation]
  8027 | D:8      | Lost mutation: Your body sometimes deteriorates upon taking damage. [evolution]
  8136 | D:8      | Noticed a two-headed ogre
  8145 | D:8      | Killed a two-headed ogre
  8777 | D:8      | Reached **** piety under Cheibriados
  9053 | D:9      | Reached skill level 10 in Fighting
  9076 | D:9      | Reached skill level 10 in Maces & Flails
  9123 | D:9      | Found a white marble altar of Elyvilon.
  9199 | D:10     | Entered Level 10 of the Dungeon
  9217 | D:11     | Reached XP level 11. HP: 45/72 MP: 16/16
  9244 | D:11     | Gained mutation: You are partially covered in thin metallic scales. (AC +2) [evolution]
  9359 | D:11     | Reached ***** piety under Cheibriados
 10336 | D:10     | Killed an unseen horror
 10500 | D:10     | Noticed a two-headed ogre
 10510 | D:10     | Killed a two-headed ogre
 10510 | D:10     | Reached skill level 1 in Dodging
 10550 | D:10     | Found a staircase to the Lair.
 11033 | D:10     | Reached skill level 11 in Fighting
 11286 | D:11     | Noticed tidbits's ghost (novice DgTm)
 11465 | D:11     | Noticed Grum
 11477 | D:11     | Killed tidbits's ghost
 11477 | D:11     | Reached ****** piety under Cheibriados
 11477 | D:11     | Reached skill level 5 in Shields
 11641 | D:11     | Killed Grum
 11641 | D:11     | Reached XP level 12. HP: 79/80 MP: 18/18
 11674 | D:11     | Noticed a two-headed ogre
 11688 | D:11     | Killed a two-headed ogre
 12136 | D:12     | Found a sparkling altar of Nemelex Xobeh.
 12232 | D:12     | Noticed a two-headed ogre
 12247 | D:12     | Killed a two-headed ogre
 12454 | D:12     | Noticed a five-headed hydra
 12474 | D:12     | Killed a five-headed hydra
 12733 | D:12     | Found a viscous altar of Jiyva.
 12864 | D:12     | Found a staircase to the Orcish Mines.
 13232 | D:12     | Reached skill level 10 in Invocations
 13264 | D:12     | Noticed a two-headed ogre
 13268 | D:12     | Killed a two-headed ogre
 13323 | D:13     | Noticed a two-headed ogre
 13332 | D:13     | Killed a two-headed ogre
 13332 | D:13     | Reached skill level 12 in Fighting
 13512 | D:13     | Lost mutation: You are partially covered in thin metallic scales. (AC +2) [evolution]
 13528 | D:13     | Reached XP level 13. HP: 77/86 MP: 20/20
 13562 | D:13     | Noticed Maurice
 14143 | D:13     | Found the +5 scythe "Finisher" {speed, Str+3}
 14635 | Lair:1   | Entered Level 1 of the Lair of Beasts
 14739 | Lair:1   | Found a burning altar of Makhleb.
 15326 | Lair:1   | Gained mutation: You are weak. (Str -2) [evolution]
 15512 | Lair:2   | Found a staircase to the Shoals.
 15587 | Lair:2   | Reached skill level 13 in Fighting
 16704 | Lair:3   | Got a scorched ring mail
 16710 | Lair:3   | Identified the +0 ring mail "Uwur" {rC+} (You found it on level 3 of the Lair of Beasts)
 16723 | Lair:3   | Found a hole to the Spider Nest.
 16735 | Lair:3   | Identified a scroll of acquirement
 16738 | Lair:3   | Got a brightly glowing great mace
 16744 | Lair:3   | Identified the +6 great mace of Quarrel {drain, Fragile rPois rC++ rN+} (You acquired it on level 3 of the Lair of Beasts)
 17700 | Lair:4   | Reached skill level 14 in Fighting
 17984 | Lair:4   | Gained mutation: Your large and strong wings let you fly indefinitely. [Gargoyle growth]
 17984 | Lair:4   | Reached XP level 14. HP: 89/96 MP: 22/22
 18619 | Lair:4   | Reached skill level 15 in Fighting
 18851 | Lair:5   | Found a viscous altar of Jiyva.
 18851 | Lair:5   | Found a staircase to the Slime Pits.
 19333 | Lair:5   | Lost mutation: You are weak. (Str -2) [evolution]
 19737 | Lair:6   | Entered Level 6 of the Lair of Beasts
 19744 | Lair:6   | Noticed Josephine
 19750 | Lair:6   | Killed Josephine
 19752 | Lair:6   | Reached skill level 16 in Fighting
 20122 | Lair:6   | Reached skill level 17 in Fighting
 20765 | Lair:6   | Reached XP level 15. HP: 105/108 MP: 23/23
 20966 | Lair:6   | Reached skill level 18 in Fighting
 21156 | Lair:6   | Found a burning altar of Makhleb.
 21193 | Lair:6   | Found a gateway to Hell.
 21466 | Lair:6   | Gained mutation: You have sharp toenails. [evolution]
 22124 | Orc:1    | Entered Level 1 of the Orcish Mines
 22281 | Orc:1    | Noticed an orc warlord
 22289 | Orc:2    | Entered Level 2 of the Orcish Mines
 22375 | Orc:1    | Paralysed by an orc sorcerer for 3 turns
 22484 | Orc:2    | Killed an orc warlord
 23260 | Orc:2    | Found a staircase to the Elven Halls.
 23388 | Orc:2    | Paralysed by an orc sorcerer for 5 turns
 23753 | Orc:2    | Found Udwair's Distillery.
 23782 | Orc:2    | Found Xoyleg's Food Shop.
 24404 | Orc:2    | Found a radiant altar of Vehumet.
 24571 | Orc:2    | Bought a potion of heal wounds for 85 gold pieces
 24571 | Orc:2    | Bought a potion of curing for 51 gold pieces
 25290 | Orc:2    | Reached XP level 16. HP: 104/116 MP: 22/26
 25303 | Orc:2    | Found Riokueta's Antique Weapon Shoppe.
 25303 | Orc:2    | Found Optianer's Book Emporium.
 25465 | Orc:2    | Found a one-way gate leading to the halls of Pandemonium.
 26049 | D:14     | Found a gate to the Vaults.
 26183 | D:14     | Found a snail-covered altar of Cheibriados.
 26490 | D:15     | Entered Level 15 of the Dungeon
 26541 | D:15     | Found a staircase to the Depths.
 27238 | D:15     | Reached skill level 5 in Dodging
 27500 | D:15     | Gained mutation: You have a pair of small horns on your head. [evolution]
 27907 | Spider:1 | Entered Level 1 of the Spider Nest
 28178 | Spider:1 | Noticed Nikola
 28382 | Shoals:1 | Entered Level 1 of the Shoals
 28446 | Shoals:1 | Reached skill level 10 in Armour
 28446 | Shoals:1 | Reached XP level 17. HP: 112/120 MP: 25/28
 29771 | Shoals:2 | Learned a level 2 spell: Song of Slaying
 29775 | Shoals:2 | Learned a level 3 spell: Regeneration
 30101 | Shoals:2 | Reached skill level 15 in Maces & Flails
 30114 | Shoals:2 | Reached skill level 1 in Charms
 30258 | Shoals:2 | Reached skill level 1 in Necromancy
 30418 | Shoals:2 | Reached skill level 15 in Invocations
 31004 | Shoals:3 | Reached skill level 19 in Fighting
 31113 | Shoals:3 | Noticed Donald
 31134 | Shoals:3 | Killed Donald
 31378 | Shoals:3 | Found a runed door.
 31476 | Shoals:3 | Noticed a kraken
 31495 | Shoals:3 | Killed a kraken
 31561 | Shoals:3 | Reached XP level 18. HP: 127/128 MP: 27/29
 31780 | Shoals:4 | Entered Level 4 of the Shoals
 31780 | Shoals:4 | Noticed Ilsuiw
 31780 | Shoals:4 | Noticed Polyphemus
 31904 | Shoals:3 | Upgraded the game from 0.21-a0-225-g207ae17 to 0.21-a0-227-g58a7c62
 32117 | Shoals:4 | Killed Ilsuiw
 32128 | Shoals:4 | Hit by a large rock thrown by Polyphemus

Vault maps used:
D:1:      dpeg_arrival_pond, st_stairs_11, minmay_statues_item,
          minmay_misc_feat_nine_boxes
D:2:      minmay_roachtagon, lemuel_doored_altar, first_bread
D:3:      minmay_goblin_kobold_castle
D:4:      nicolae_overflow_crystal_walls, cheibriados_altar_1
D:5:      grunt_temple_overflow_forces_of_nature, minmay_temple_entry_overgrown,
          uniq_pikel
D:6:      grunt_temple_overflow_order_and_chaos_1, kennysheep_mini,
          kennysheep_little_box
D:7:      old_standard_altar, minmay_small_thing
D:9:      elyvilon_altar_4
D:10:     lair_entry_dummy
D:11:     uniq_grum
D:12:     orc_david_3, basic_altar, grunt_tengu_nest, spider_trap,
          nrook_loot_triangle, st_stairs_11, jiyva_altar_1
D:13:     minmay_guarded_unrand_finisher, uniq_maurice
D:14:     lightli_vaults_fourway_checkpoint, basic_altar
D:15:     grunt_enter_depths_hoard, hangedman_decor_lopped
Lair:1:   lemuel_oklob_altar, grunt_megastairs_4
Lair:2:   elwin_shoals_entry_rooms, minmay_holes
Lair:3:   dummy_spider_entry, kennysheep_rathole
Lair:4:   beast_lair_carwin_large_4
Lair:5:   slime_altar_1
Lair:6:   evil_forest, wad_woods_01, uniq_josephine
Shoals:2: cheibrodos_shoals_satyrical_garden, st_sunken_huts
Shoals:3: lightli_airlock, uniq_donald
Shoals:4: shoals_end_grunt_ice, shoal_ilsuiw, serial_shops, shop,
          uniq_polyphemus
Spider:1: uniq_agnes, uniq_nikola
Orc:2:    pf_orc_diabolical, basic_altar

Skill      XL: |  1  2  3  4  5  6  7  8  9 10 11 12 13 14 15 16 17 18 |
---------------+-------------------------------------------------------+-----
Maces & Flails | 3 4 5 6 7 8 9 10 11 12 13 14 15 | 15.4
Fighting       | 4 5 6 7 8 10 11 12 14 17 18 19 | 19.2
Armour         | 5 7 8 10 11 | 11.0
Invocations    | 2 5 7 9 10 11 13 14 15 | 15.4
Dodging        | 2 4 5 6 |  6.8
Shields        | 5 7 8 9 |  9.5
Charms         | 3 4 |  4.1
Necromancy     | 2 3 |  3.4

Action                   |  1- 3 |  4- 6 |  7- 9 | 10-12 | 13-15 | 16-18 || total
-------------------------+-------+-------+-------+-------+-------+-------++-------
Melee: Flail             |   114 |   171 |   477 |   950 |   391 |       ||  2103
       Great mace        |       |       |       |       |   869 |   822 ||  1691
       Headbutt          |       |       |       |       |       |   190 ||   190
       Kick              |       |       |       |       |       |     2 ||     2
 Cast: Song of Slaying   |       |       |       |       |       |     5 ||     5
       Regeneration      |       |       |       |       |       |     5 ||     5
Invok: Slouch            |       |       |       |       |     4 |     7 ||    11
       Bend Time         |       |       |       |       |       |     1 ||     1
       Temporal Distorti |       |       |       |       |       |     1 ||     1
 Abil: Fly               |       |       |       |       |       |     1 ||     1
Evoke: Wand              |       |       |     2 |     2 |    12 |     1 ||    17
  Use: Scroll            |     5 |     5 |     8 |    12 |    19 |     9 ||    58
       Potion            |       |     2 |     3 |     7 |     4 |     3 ||    19
 Stab: Invisible         |       |       |       |     6 |       |       ||     6
       Sleeping          |       |       |       |     3 |     6 |     5 ||    14
       Distracted        |       |       |       |       |     2 |     3 ||     5
  Eat: Chunk             |     1 |     4 |    21 |    18 |     3 |     4 ||    51
       Royal jelly       |       |       |       |     1 |     2 |     3 ||     6
       Fruit             |       |       |       |       |     9 |     7 ||    16
Armor: Scale mail        |    90 |   116 |    49 |       |       |       ||   255
       Chain mail        |       |       |   214 |   305 |       |       ||   519
       Steam dragon scal |       |       |       |   211 |   111 |       ||   322
       Ring mail         |       |       |       |       |   531 |    64 ||   595
       Troll leather arm |       |       |       |       |       |   381 ||   381
Dodge: Dodged            |    47 |    69 |    90 |   460 |  1362 |  1082 ||  3110
Block: Shield            |    87 |   111 |   223 |   644 |   379 |       ||  1444
       Other             |       |       |       |       |   422 |   309 ||   731
       Reflection        |       |       |       |       |     4 |    34 ||    38

Table legend:
 A = Spawn XP
 B = Non-spawn XP
 C = Spawn XP percentage of total XP
 D = Spawn monster count
 E = Non-spawn monster count
 F = Spawn count percentage of total count
 G = Total turns spent on level
                    A         B        C        D         E        F      G
               +---------+---------+-------+---------+---------+-------+---------
         Total |   42204 |  215295 |  16.4 |     191 |     918 |  17.2 | 32128
               +---------+---------+-------+---------+---------+-------+---------
           D:1 |      12 |      27 |  30.8 |       5 |      16 |  23.8 |  1030
           D:2 |       0 |      53 |   0.0 |       0 |      23 |   0.0 |   424
           D:3 |      53 |     860 |   5.8 |       7 |      70 |   9.1 |  1305
           D:4 |      45 |     342 |  11.6 |       2 |      19 |   9.5 |   873
           D:5 |     209 |     795 |  20.8 |       7 |       6 |  53.8 |  1198
           D:6 |     285 |    1110 |  20.4 |       6 |      31 |  16.2 |  1651
           D:7 |     174 |    1471 |  10.6 |       5 |      22 |  18.5 |  1094
           D:8 |     500 |    2094 |  19.3 |      13 |      20 |  39.4 |  1311
           D:9 |     198 |    1217 |  14.0 |       7 |      31 |  18.4 |   739
          D:10 |    1771 |    4030 |  30.5 |      17 |      44 |  27.9 |  1680
          D:11 |     155 |    5232 |   2.9 |       7 |      28 |  20.0 |   983
          D:12 |    4232 |    4966 |  46.0 |       9 |      38 |  19.1 |  1475
          D:13 |    2581 |    6355 |  28.9 |       8 |      27 |  22.9 |  1236
          D:14 |    2100 |   16944 |  11.0 |      11 |      38 |  22.4 |   886
          D:15 |    3555 |   16207 |  18.0 |      11 |      42 |  20.8 |  1218
        Lair:1 |     252 |    2672 |   8.6 |       2 |      15 |  11.8 |   818
        Lair:2 |    1739 |    4715 |  26.9 |       4 |      18 |  18.2 |  1237
        Lair:3 |    1002 |    4101 |  19.6 |       6 |      28 |  17.6 |  1650
        Lair:4 |     671 |    7295 |   8.4 |       5 |      19 |  20.8 |  1010
        Lair:5 |    1812 |    5324 |  25.4 |       4 |      22 |  15.4 |   936
        Lair:6 |    5144 |   26776 |  16.1 |      13 |      76 |  14.6 |  2173
      Shoals:1 |    1401 |   19913 |   6.6 |       4 |      40 |   9.1 |  1068
      Shoals:2 |    8480 |   19586 |  30.2 |      14 |      37 |  27.5 |  1378
      Shoals:3 |     967 |   27119 |   3.4 |       3 |      42 |   6.7 |  1266
      Shoals:4 |       0 |    2906 |   0.0 |       0 |       2 |   0.0 |    34
      Spider:1 |     909 |    5553 |  14.1 |       4 |      22 |  15.4 |    94
         Orc:1 |     484 |    3868 |  11.1 |       5 |      30 |  14.3 |   460
         Orc:2 |    3473 |   23764 |  12.8 |      12 |     112 |   9.7 |  2901
               +---------+---------+-------+---------+---------+-------+---------
